 Dungeon Crawl Stone Soup version 0.30.0-10-gfe55d96785 (webtiles) character file.

Game seed: 13006390539756583937

4 Jackthecabe the Sneak (level 1, 0/21 HPs)
             Began as a Vampire Conjurer on May 13, 2023.
             Was a Follower of Trog.
             Slain by a rat (2 damage)
             ... on level 1 of the Dungeon.
             The game lasted 00:00:47 (130 turns).

Jackthecabe the Sneak (Vampire Conjurer)             Turns: 130, Time: 00:00:48

Health: 0/21       AC:  2    Str:  6    XL:     1   Next: 50%
Magic:  3/3        EV: 12    Int: 20    God:    Trog [*.....]
Gold:   0          SH:  0    Dex: 12    Spells: 3/4 levels left

rFire   . . .        (no weapon)
rCold   . . .        (no shield)
rNeg    . . .        a - +0 robe
rPois   .            (no helmet)
rElec   .            (no cloak)
rCorr   .            (no gloves)
SInv    +            (no boots)
Will    .....        (no amulet) Stlth
                     (no ring)
HPRegen 0.43/turn    (no ring)
MPRegen 0.08/turn

%: no passive effects
@: berserking (expiring), healing quickly, very quick
A: alive, fangs 3, see invisible, vampiric 1
a: Exsanguinate, Renounce Religion, Berserk


You were on level 1 of the Dungeon.
You worshipped Trog.
Trog was aware of your devotion.
You visited 1 branch of the dungeon, and saw 1 of its levels.


Innate Abilities, Weirdness & Mutations

Your natural rate of healing is accelerated.
You have razor-sharp teeth.
You have supernaturally acute eyesight. (SInv)
You are afflicted with vampirism.


   Skills:
 + Level 0.5 Fighting
 - Level 2.1 Dodging
 + Level 3.3 Stealth
 - Level 2.0 Spellcasting
 - Level 2.9 Conjurations


You had 3 spell levels left.
You knew the following spells:

 Your Spells              Type           Power      Damage    Failure   Level
m - Magic Dart            Conj           52%        1d5       4%          1

Your spell library contained the following spells:

 Spells                   Type           Power      Damage    Failure   Level
 Searing Ray              Conj           26%        2d5       7%          2
 Dazzling Flash           Conj/Hex       14%        N/A       26%         3
 Fulminant Prism          Conj/Hex       3%         3d5       65%         4
 Iskenderun's Mystic Bla  Conj/Tloc      7%         2d4       65%         4

Inventory:

Armour
 a - a +0 robe (worn)
Potions
 b - a potion of magic

Dungeon Overview and Level Annotations

Branches:
Dungeon (1/15)

Altars:
Trog

##### #...#
#########
#†#.#####.......#
##.#l##....###...#
##...r@..######.###
###...⚑g#### ###..#
#...###...# #...##
......#.# ###.#
##.### ..... #.#
#.###..# #### r.#
#.##..## .##
#....## .. #..#.##
.. ##..#..##


You could see a goblin, a frilled lizard and a rat.


Message History

The goblin is severely wounded.
The goblin hits you but does no damage.
You closely miss the goblin.
The goblin is severely wounded.
The goblin hits you with a +0 club.
* * * LOW HITPOINT WARNING * * *
You hit the goblin.
You kill the goblin!
Trog accepts your kill.
Use which ability? (? or * to list)
A red film seems to cover your vision as you go berserk!
You feel yourself moving faster!
You feel mighty! The rat bites you.
* * * LOW HITPOINT WARNING * * *
Unknown command.
You barely miss the rat. You barely miss the rat. The rat bites you.
* * * LOW HITPOINT WARNING * * *
You closely miss the rat. The rat closely misses you.
You closely miss the rat. You bite the rat.
You kill the rat!
Trog accepts your kill. The rat barely misses you.
Things that are here:
a +0 club; a goblin corpse You barely miss the rat.
The rat is moderately wounded.
The frilled lizard bites you.
* * * LOW HITPOINT WARNING * * *
The goblin closely misses you. The rat bites you.
You die...

Action                     || total
---------------------------++-------
  Melee: Unarmed           ||    24
         Bite              ||     2
   Cast: Magic Dart        ||     4
 Invoke: Berserk           ||     1
 Armour: Robe              ||     1
  Dodge: Dodged            ||    20

Levels and vault maps discovered:
D:1:      minmay_arrival_stone_box, layout_rooms, basic_ecumenical_altar,
          minmay_split_cup_large

Notes
Turn   | Place    | Note
-------+----------+-------------------------------------------
     0 | D:1      | Jackthecabe the Vampire Conjurer began the quest for the
                  | Orb.
     0 | D:1      | Reached XP level 1. HP: 13/13 MP: 3/3
    60 | D:1      | Found a faded altar of an unknown god.
    74 | D:1      | Prayed at the altar of an unknown god.
    74 | D:1      | Became a worshipper of Trog the Wrathful
    74 | D:1      | Reached * piety under Trog
   130 | D:1      | HP: 2/21 [frilled lizard (3)]
   130 | D:1      | Slain by a rat

Vanquished Creatures
  A goblin (D:1)
  A quokka (D:1)
  A frilled lizard (D:1)
  A rat (D:1)
4 creatures vanquished.

Table legend: (Time is in decaauts)
 A = Elapsed time spent in this place.
 B = Non-inter-level travel time spent in this place.
 C = Inter-level travel time spent in this place.
 D = Time resting spent in this place.
 E = Time spent auto-exploring this place.
 F = Levels seen in this place.
 G = Mean time per level.
                   A        B        C        D        E       F      G
               +--------+--------+--------+--------+--------+-----+--------+
         Total |    128 |    128 |      0 |      0 |     87 |   1 |  128.0 |
       Dungeon |    128 |    128 |      0 |      0 |     87 |   1 |  128.0 |
               +--------+--------+--------+--------+--------+-----+--------+

Top non-repeatable levels by time:
     D:1: 128 daAuts

Table legend:
 A = Non-vault XP
 B = Vault XP
 C = Vault XP percentage of total XP
 D = Non-vault monster count
 E = Vault monster count
 F = Vault count percentage of total count
                 A         B        C        D         E       F
            +---------+---------+-------+---------+---------+-------
      Total |       6 |       0 |   0.0 |       4 |       0 |   0.0
            +---------+---------+-------+---------+---------+-------
        D:1 |       6 |       0 |   0.0 |       4 |       0 |   0.0
            +---------+---------+-------+---------+---------+-------
